 Dungeon Crawl Stone Soup version 0.29-a0-234-g0dae59b3db (webtiles) character file.

Game seed: 5457979365197564068

1916 Cecur the Covered (level 9, -3/63 HPs)
             Began as a Formicid Fighter on Mar 4, 2022.
             Was a Follower of Hepliaklqana.
             Slain by a lemure (5 damage)
             ... led by Pikel
             ... on level 7 of the Dungeon.
             The game lasted 00:13:20 (9574 turns).

Cecur the Covered (Formicid Fighter)                Turns: 9574, Time: 00:13:20

Health: -3/63      AC: 14    Str: 25    XL:     9   Next: 39%
Magic:  9/9        EV:  7    Int:  8    God:    Hepliaklqana [*.....]
Gold:   260        SH:  5    Dex: 10    Spells: 8/8 levels left

rFire   . . .      SeeInvis +   u - +0 spear (vorpal)
rCold   . . .      Faith    .   c - +0 buckler
rNeg    . . .      Spirit   .   i - +0 plate armour
rPois   .          Reflect  .   (helmet unavailable)
rElec   .          Harm     .   (no cloak)
rCorr   .          Rampage  .   q - +0 pair of gloves
Will    .....                   (no boots)
Stlth   ..........              (no amulet)
HPRegen 0.20/turn               (no ring)
MPRegen 0.11/turn               (no ring)

@: no status effects
A: reduced essence, permanent stasis, dig shafts and tunnels, antennae 3, four
strong arms
a: Dig, Shaft Self, Renounce Religion, Recall Ancestor, Ancestor Identity


You were on level 7 of the Dungeon.
You worshipped Hepliaklqana.
Hepliaklqana was aware of your devotion.
You visited 2 branches of the dungeon, and saw 8 of its levels.

You collected 260 gold pieces.

Inventory:

Hand Weapons
 a - a +0 trident
 u - a +0 vorpal spear (weapon)
 x - a +2 spectral club
 G - a +3 great mace of protection
Missiles
 y - 2 throwing nets
Armour
 b - a +0 scale mail
 c - a +0 buckler (worn)
 i - a +0 plate armour (worn)
 q - a +0 pair of gloves (worn)
Magical Staves
 v - a staff of conjuration
Jewellery
 h - an amulet of faith
 j - a +6 ring of intelligence
 l - a ring of fire
Wands
 t - a wand of polymorph (5)
 w - a wand of mindburst (9)
 z - a wand of digging (5)
 B - a wand of flame (16)
Scrolls
 f - a scroll of identify
 k - a scroll of vulnerability
 m - 2 scrolls of teleportation
 n - a scroll of magic mapping {unknown}
 o - 2 scrolls of fog
 s - a scroll of amnesia
Potions
 d - 2 potions of might
 e - a potion of mutation {unknown}
 g - a potion of invisibility
 p - 4 potions of curing
 r - 2 potions of ambrosia
 A - a potion of brilliance
 D - a potion of haste
 E - a potion of lignification


   Skills:
 + Level 6.5 Fighting
 + Level 0.5 Maces & Flails
 + Level 7.3 Polearms
 + Level 7.7 Armour
 + Level 0.8 Dodging
 + Level 5.9 Shields
 + Level 0.4 Unarmed Combat


You had 8 spell levels left.
You didn't know any spells.
Your spell library contained the following spells:

 Spells                   Type           Power      Damage    Failure   Level
 Sting                    Tmut/Pois      0%         1d3       99%         1
 Poisonous Vapours        Pois/Air       0%         N/A       100%        2
 Sublimation of Blood     Necr           0%         N/A       100%        2
 Wereblood                Tmut           0%         N/A       100%        2
 Olgreb's Toxic Radiance  Pois           0%         N/A       100%        4
 Summon Hydra             Summ           0%         N/A       100%        7


Dungeon Overview and Level Annotations

Branches:
Dungeon (7/15)             Temple (1/1) D:6

Altars:
Ashenzari
Cheibriados
Dithmenos
Elyvilon
Fedhas
Hepliaklqana
Kikubaaqudgha
Makhleb
Nemelex Xobeh
Okawaru
Qazlal
Ru
Sif Muna
Trog
Uskayaw
Vehumet
Wu Jian
Yredelemnul
Zin
The Shining One

Shops:
D:2 !

Annotations:
D:3 3 runed translucent doors, mcwallace's ghost, amateur TeFE
D:7 Pikel


Innate Abilities, Weirdness & Mutations

Your life essence is reduced to manifest your ancestor. (-10% HP)
You cannot be hasted, slowed, berserked, paralysed or teleported.
You can dig through walls and to a lower floor.
You have a pair of large antennae on your head. (SInv)
Your four strong arms can wield two-handed weapons with a shield.


Message History

Kaya hits Pikel.
Pikel closely misses Kaya.
Kaya hits Pikel.
Pikel hits Kaya with a +2 whip of flaming.
Pikel burns Kaya.
Kaya hits Pikel but does no damage.
Pikel hits Kaya with a +2 whip of flaming.
Pikel burns Kaya.
Kaya is destroyed!
You see here a scroll of blinking.
You enter the shallow water.
Moving in this stuff is going to be slow.
u - a +0 vorpal spear (weapon)
Reach: u) +0 spear (vorpal)
Press: ? - help, Dir - move target, f - Pikel
Aim: Pikel, wielding a +2 whip of flaming and wearing a +0 robe (heavily wounded, about 41% to evade your +0 vorpal spear)
You reach to attack!
You barely miss Pikel.
Pikel is heavily wounded.
You hit Pikel.
Pikel is severely wounded.
You barely miss Pikel.
Pikel is severely wounded.
Pikel hits you but does no damage.
You miss Pikel.
Pikel is severely wounded.
Pikel hits you with a +2 whip of flaming!
* * * LOW HITPOINT WARNING * * *
Pikel burns you.
* * * LOW HITPOINT WARNING * * *
You barely miss Pikel.
Pikel is severely wounded.
You hit Pikel but do no damage.
Pikel is severely wounded.
Pikel hits you with a +2 whip of flaming.
* * * LOW HITPOINT WARNING * * *
Pikel burns you.
* * * LOW HITPOINT WARNING * * *
You hit Pikel.
Pikel is severely wounded.
Pikel splashes around in the water.
The lemure hits you.
You die...

#.#.....#.#.##### #5#
#.#...?..≈..≈♣≈.###5#
#.###.#≈≈(.≈♣≈≈≈≈##5#{
#.# #.#≈≈≈≈≈≈≈#####.#
#.# #.#.≈...≈≈.≈.##5#
{ #.#
#..##.≈.#≈.≈.##.# #.#
#..≈≈≈≈.≈≈♣..##.# #.#
#.##...≈≈.#####.# #.#
#.###≈♣≈≈.≈.@##.# #.#
#.####≈.≈..5K##{# #.#
#.##≈≈≈..≈♣≈55?.# #.#
#.##.##..######## #.#
#..<.##.##
#.#########.#
#...........#
###########.# #.#


You could see Pikel and 3 lemures.

Vanquished Creatures
  Grinder (D:3)
  A steam dragon (D:6)
  A water moccasin (D:6)
  Duvessa (D:5)
  An ice beast (D:3)
  An ogre (D:4)
  A centaur (D:6)
  A phantom (D:4)
  2 scorpions (D:6)
  3 necrophages
  Dowan (D:5)
  A howler monkey (D:4)
  5 hounds
  A jelly (D:5)
  2 orc priests
  Ijyb (D:3)
  Natasha (D:3)
  4 iguanas
  An orc wizard (D:6)
  Robin (D:3)
  3 gnolls (D:4)
  10 adders
  An ufetubus (D:5)
  4 worms
  3 dart slugs
  13 orcs
  11 ball pythons
  5 endoplasms
  3 giant cockroaches
  16 goblins
  7 hobgoblins
  4 jackals (D:4)
  5 kobolds
  2 quokkas (D:3)
  5 bats
  4 frilled lizards
  5 rats
132 creatures vanquished.

Vanquished Creatures (others)
  An ancestor (D:7)
1 creature vanquished.

Grand Total: 133 creatures vanquished

Notes
Turn   | Place    | Note
-------+----------+-------------------------------------------
     0 | D:1      | Cecur the Formicid Fighter began the quest for the Orb.
     0 | D:1      | Reached XP level 1. HP: 18/18 MP: 1/1
    59 | D:1      | Reached XP level 2. HP: 24/24 MP: 2/2
   625 | D:1      | Reached XP level 3. HP: 23/30 MP: 3/3
  1353 | D:2      | Reached XP level 4. HP: 34/37 MP: 4/4
  1428 | D:2      | Found Fehesevu's Distillery.
  1746 | D:3      | Found a faded altar of an unknown god.
  1891 | D:3      | Noticed an ice beast
  1901 | D:3      | Killed an ice beast
  1902 | D:3      | Reached XP level 5. HP: 22/43 MP: 5/5
  1918 | D:3      | HP: 2/43 [orc/+0 trident (4)]
  2231 | D:3      | Found a basalt altar of Yredelemnul.
  2281 | D:3      | Reached XP level 6. HP: 36/49 MP: 6/6
  2287 | D:3      | Noticed Robin
  2323 | D:3      | Killed Robin
  2614 | D:3      | Found a radiant altar of Vehumet.
  2617 | D:3      | Found a sacrificial altar of Ru.
  3000 | D:3      | Noticed Ijyb
  3019 | D:3      | Killed Ijyb
  3354 | D:3      | Noticed Grinder
  3411 | D:3      | Killed Grinder
  3412 | D:3      | Reached skill level 5 in Fighting
  3412 | D:3      | Reached XP level 7. HP: 8/56 MP: 7/7
  3751 | D:3      | Found a broken altar of Ashenzari.
  3751 | D:3      | Found a runed translucent gate.
  3751 | D:3      | Found a runed translucent gate.
  3751 | D:3      | Found a runed translucent gate.
  3751 | D:3      | Noticed mcwallace's ghost (amateur TeFE)
  3954 | D:3      | Noticed Natasha
  3974 | D:3      | Killed Natasha
  4378 | D:4      | Reached skill level 5 in Polearms
  4378 | D:4      | HP: 2/56 [ogre/+0 giant club (16)]
  4948 | D:4      | Reached skill level 5 in Armour
  4948 | D:4      | Reached XP level 8. HP: 41/63 MP: 8/8
  4970 | D:4      | Reached skill level 5 in Shields
  5772 | D:5      | Entered Level 5 of the Dungeon
  6037 | D:5      | Noticed Dowan
  6038 | D:5      | Noticed Duvessa
  6056 | D:5      | Killed Duvessa
  6065 | D:5      | Killed Dowan
  7407 | D:6      | Reached XP level 9. HP: 40/69 MP: 9/9
  7638 | D:6      | Found a glowing golden altar of the Shining One.
  7884 | D:6      | Found a staircase to the Ecumenical Temple.
  7890 | Temple   | Entered the Ecumenical Temple
  7955 | Temple   | Became a worshipper of Hepliaklqana the Forgotten
  9365 | D:6      | Reached * piety under Hepliaklqana
  9521 | D:7      | Noticed Pikel
  9573 | D:7      | HP: 2/63 [Pikel/+2 whip of flaming (2)]
  9574 | D:7      | Slain by a lemure

Illustrated notes

Levels and vault maps discovered:
D:1:      dpeg_arrival_solitude, layout_basic, corexii_hall_statues_u,
          chequers_serial_rivers_small_3, minmay_shallow_snake_nest
D:2:      layout_loops_cross, serial_shops, nicolae_shop_trees, minmay_3d_cube
D:3:      layout_loops_ring, nicolae_overflow_hidden_temple, ashenzari_altar_1,
          ebering_ghost_rock_garden, nicolae_ecumenical_pavilion,
          grunt_decor_clamped, kennysheep_big_empty_room, hex_large,
          uniq_grinder, uniq_robin, uniq_natasha, uniq_ijyb
D:4:      minmay_angry_zag, layout_basic, ebering_dispersal_statue_hall
D:5:      layout_gridville, amcnicky_mini_corridor_feature, uniq_duvessa
D:6:      layout_layer_cave, mainiacjoe_overflow_paths,
          minmay_temple_entry_waves
D:7:      layout_basic, serial_rivers, chequers_serial_rivers_small_b,
          chequers_serial_rivers_marsh, chequers_serial_rivers_marsh,
          chequers_serial_rivers_small_b, chequers_serial_rivers_micro_b,
          kennysheep_generic_room_9, uniq_prince_ribbit1, uniq_pikel
Temple:   regret_index_temple_waves

Skill      XL: |  1  2  3  4  5  6  7  8  9 |
---------------+----------------------------+-----
Fighting       | 4 5 6 |  6.5
Shields        | 4 5 |  5.9
Polearms       | 3 4 5 6 7 |  7.3
Armour         | 4 5 6 7 |  7.7
Maces & Flails | |  0.5
Dodging        | |  0.8
Unarmed Combat | |  0.4

Action                   |  1- 3 |  4- 6 |  7- 9 || total
-------------------------+-------+-------+-------++-------
Melee: Trident           |    91 |    95 |       ||   186
       Spear             |       |    88 |   427 ||   515
       Unarmed           |       |     5 |       ||     5
       Club              |       |       |    67 ||    67
  Use: Potion            |       |     1 |     1 ||     2
       Scroll            |       |       |    16 ||    16
Armor: Scale mail        |    12 |       |       ||    12
       Plate armour      |    23 |    79 |   208 ||   310
       Skin              |       |     1 |       ||     1
Dodge: Dodged            |    28 |    49 |   133 ||   210
Block: Buckler           |    23 |    28 |    84 ||   135

Table legend: (Time is in decaauts)
 A = Elapsed time spent in this place.
 B = Non-inter-level travel time spent in this place.
 C = Inter-level travel time spent in this place.
 D = Time resting spent in this place.
 E = Time spent auto-exploring this place.
 F = Levels seen in this place.
 G = Mean time per level.
                   A        B        C        D        E       F      G
               +--------+--------+--------+--------+--------+-----+--------+
         Total |   9565 |   9355 |    210 |    214 |   7812 |   8 | 1195.6 |
       Dungeon |   9442 |   9245 |    197 |    214 |   7727 |   7 | 1348.9 |
        Temple |    122 |    109 |     13 |      0 |     85 |   1 |  122.0 |
               +--------+--------+--------+--------+--------+-----+--------+

Top non-repeatable levels by time:
     D:3: 2522 daAuts
     D:6: 1955 daAuts
     D:5: 1531 daAuts
     D:4: 1485 daAuts
     D:1: 913 daAuts
     D:2: 858 daAuts
     D:7: 175 daAuts
  Temple: 122 daAuts
